 Dungeon Crawl Stone Soup version 0.14-a0-2124-ga163777 (webtiles) character file.

100 4tharraofdagon the Insei (level 3, -1/18 HPs)
             Began as a Vine Stalker Transmuter on Jan 27, 2014.
             Killed by nerve-wracking pain
             ... invoked by Grinder
              (6 damage)
             ... on Level 3 of the Dungeon.
             The game lasted 00:04:02 (625 turns).

4tharraofdagon the Insei (Vine Stalker Transmuter)   Turns: 625, Time: 00:04:02

HP  -1/18        AC  2     Str 13      XL: 3   Next: 95%
MP   0/7         EV 12     Int 13      God:
Gold 44          SH  0     Dex 14      Spells:  2 memorised,  3 levels left

rFire  . . .     SeeInvis .       - Unarmed
rCold  + . .     Clarity  .     c - +0 robe
rNeg   . . .     Conserve .     (no shield)
rPois  .         rCorr    .     (no helmet)
rElec  .         rRot     +     (no cloak)
SustAb . .       Spirit   +     (no gloves)
rMut   .         Warding  .     (no boots)
Saprov . . .     Stasis   .     (no amulet)
MR     .....                    (no ring)
                                g - ring of protection from cold {unknown}

@: not resistant to hostile enchantments, unstealthy
A: fangs 2, regeneration 1, magic shield, antimagic bite, no device heal
a: no special abilities


You were on level 3 of the Dungeon.
You were not hungry.

You visited 1 branch of the dungeon, and saw 3 of its levels.

You collected 44 gold pieces.

Inventory:

Hand weapons
 n - a +0,+0 dwarven dagger
Missiles
 b - 12 arrows
 m - a throwing net (quivered)
Armour
 c - a +0 robe (worn)
 u - a +0 chain mail
Comestibles
 a - 2 bread rations
Scrolls
 j - 2 scrolls of remove curse {unknown}
 l - a scroll of random uselessness {unknown}
 p - a scroll of enchant weapon II {unknown}
 q - a scroll of teleportation {unknown}
 r - a scroll of curse weapon {unknown}
 s - a scroll of identify {unknown}
 t - a scroll of recharging {unknown}
Jewellery
 g - a ring of protection from cold (left hand) {unknown}
Potions
 e - 2 potions of brilliance {unknown}
 f - 2 potions of agility {unknown}
 h - a potion of paralysis {unknown}
 i - a potion of cure mutation {unknown}
 k - a potion of might {unknown}
 o - 2 potions of curing {unknown}
Books
 d - a book of Changes

   Spells                             Type                      Level
   *Beastly Appendage                 Transmutation                1
   Sticks to Snakes                   Transmutation                2
   *Spider Form                       Transmutation/Poison         3
   Ice Form                           Ice/Transmutation            4
   Blade Hands                        Transmutation                5


   Skills:
 + Level 1.3 Fighting
 + Level 1.7 Dodging
 * Level 3.8 Unarmed Combat
 + Level 2.7 Spellcasting
 + Level 2.4 Transmutations


You had 3 spell levels left.
You knew the following spells:

 Your Spells              Type           Power        Failure   Level  Hunger
a - Beastly Appendage     Trmt           #.....       10%         1    #......
b - Spider Form           Trmt/Pois      #.........   52%         3    ####...


Dungeon Overview and Level Annotations

Branches:
Dungeon (3/16)

Altars:
Cheibriados
Elyvilon
Kikubaaqudgha

Annotations:
D:3 Grinder


Innate Abilities, Weirdness & Mutations

You have extremely sharp teeth.*
Your natural rate of healing is unusually fast.
When hurt, damage is shared between your health and your magic reserves.
Your bite disrupts and absorbs the magic of your enemies.*
Potions and wands cannot restore your HP.


Message History

There is an open door here.
Grinder gestures at you.
You suddenly lose the ability to move!
Grinder gestures at you.
You strain under the huge effort it takes to resist.
A quokka comes into view.
Grinder hits you.
You writhe in agony.
Grinder gestures at you. You resist. Grinder hits you.
You writhe in agony.
* * * LOW HITPOINT WARNING * * *
You can move again.
Unknown command.
Unknown command.
Unknown command.
Unknown command.
Unknown command.
Grinder gestures at you. Pain shoots through your body!
You die...

## .# ###+### ####.######
...$....#### #.........##
........r5.#####..<........
........##..@..#.........##
....... #####.(.........#
....... ###.......<.#
....... #.........# .$....
#......... ..... #########
####


You could see Grinder and a quokka.

Vanquished Creatures
  Jessica (D:2)
  A worm (D:2)
  A giant gecko (D:1)
  2 giant cockroaches (D:1)
  2 hobgoblins (D:2)
  4 jackals
  3 bats
  3 giant newts (D:2)
  4 goblins
  4 kobolds
  6 rats
31 creatures vanquished.

Notes
Turn   | Place    | Note
--------------------------------------------------------------
     0 | D:1      | 4tharraofdagon, the Vine Stalker Transmuter, began the quest for the Orb.
     0 | D:1      | Reached XP level 1. HP: 9/9 MP: 3/3
    21 | D:1      | Reached skill level 1 in Fighting
   102 | D:1      | Reached XP level 2. HP: 9/14 MP: 5/5
   427 | D:2      | Reached XP level 3. HP: 15/18 MP: 7/7
   475 | D:2      | Found a snail-covered altar of Cheibriados.
   480 | D:2      | Learned a level 3 spell: Spider Form
   482 | D:2      | Found an ancient bone altar of Kikubaaqudgha.
   483 | D:2      | Found a white marble altar of Elyvilon.
   485 | D:2      | Noticed Jessica
   512 | D:2      | Killed Jessica
   615 | D:3      | Noticed Grinder
   617 | D:3      | Paralysed by Grinder for 6 turns
   625 | D:3      | Killed from afar by Grinder

Action                   || total
-------------------------++-------
Melee: Unarmed           ||   100
 Cast: Beastly Appendage ||     3
       Spider Form       ||     1
  Use: Potion            ||     1
